 Dungeon Crawl Stone Soup version 0.18-a0-116-g2d311b1 (webtiles) character file.

6195 Proton the Covered (level 11, -6/75 HPs)
             Began as a Human Fighter on Nov 17, 2015.
             Was a Believer of Qazlal.
             Killed from afar by Harold (30 damage)
             ... with a bolt of fire
             ... on level 10 of the Dungeon.
             The game lasted 00:18:58 (10557 turns).

Proton the Covered (Human Fighter)                 Turns: 10557, Time: 00:18:58

Health: -6/75      AC: 13    Str: 22    XL:     11   Next: 14%
Magic:  22/22      EV: 11    Int: 11    God:    Qazlal [**....]
Gold:   370        SH: 13    Dex: 12    Spells: 0 memorised, 10 levels left

rFire  x . .     SeeInvis +     a - +1 long sword
rCold  + + .     Clarity  .     w - +0 ice dragon armour
rNeg   . . .     SustAt   .     c - +0 shield
rPois  .         Gourm    .     C - +0 helmet
rElec  .         Spirit   .     (no cloak)
rCorr  +         Warding  .     (no gloves)
rMut   .         Stasis   .     (no boots)
MR     .....                    D - amulet of resist corrosion
Stlth  ..........               F - ring of see invisible
                                m - ring of magical power

@: not resistant to hostile enchantments, extremely unstealthy
A: clever 1, frail 1, low mp 1, strong 1
a: Upheaval, Renounce Religion


You were on level 10 of the Dungeon.
You worshipped Qazlal.
Qazlal was pleased with you.
You were not hungry.

You visited 2 branches of the dungeon, and saw 11 of its levels.

You collected 370 gold pieces.

Inventory:

Hand Weapons
 a - a +1 long sword (weapon)
Armour
 c - a +0 shield (worn)
 w - a +0 ice dragon armour (worn)
 C - a +0 helmet (worn)
Jewellery
 m - a ring of magical power (left hand)
 n - a cursed ring of teleportation
 D - an amulet of resist corrosion (around neck)
 F - a ring of see invisible (right hand)
Wands
 d - a wand of fireball (7)
 z - a wand of paralysis (10)
 B - a wand of digging (8)
Scrolls
 g - a scroll of recharging
 h - a scroll of blinking
 i - 3 scrolls of teleportation
 j - a scroll of noise
 k - 3 scrolls of identify
 l - a scroll of magic mapping
 p - 5 scrolls of remove curse
 s - a scroll of enchant weapon
Potions
 b - a potion of might
 f - 5 potions of agility
 o - 5 potions of curing
 t - a potion of magic
 u - a potion of cancellation
 x - a potion of haste
 A - 2 potions of resistance
Comestibles
 q - 4 meat rations
 r - a slice of pizza
 E - 5 fruits


   Skills:
 + Level 7.3 Fighting
 + Level 7.3 Long Blades
 + Level 7.6 Armour
 + Level 6.4 Dodging
 + Level 7.2 Shields
 + Level 6.0 Invocations


You had 10 spell levels left.
You didn't know any spells.

Dungeon Overview and Level Annotations

Branches:
Dungeon (10/15)            Temple (1/1) D:4            Lair (0/8) D:8
    Orc: D:9-12

Altars:
Ashenzari
Cheibriados
Dithmenos
Elyvilon
Fedhas
Gozag
Kikubaaqudgha
Makhleb
Nemelex Xobeh
Okawaru
Qazlal
Ru
Sif Muna
Trog
Vehumet
Xom
Yredelemnul
Zin
The Shining One

Annotations:
D:10 Harold


Innate Abilities, Weirdness & Mutations

Your mind is acute. (Int +2)
You are frail (-10% HP).
Your magical capacity is low (-10% MP).
Your muscles are strong. (Str +2)


Message History

No target in view!
No target in view!
No target in view!
You see here a giant club.
Found a war axe.
You see here a war axe.
Harold the Weathered comes into view.
He is wielding a battleaxe.
Harold shouts!
Harold throws a throwing net.
The throwing net hits you.
You become entangled in the net!
You see here a throwing net.
You slice into the net.
You struggle against the net.
You slice the net and break free! Harold casts a spell at you.
The bolt of fire hits you! The fire burns you terribly!
Ouch! That really hurt!
Harold points at you and mumbles some strange words.
The bolt of fire hits you! The fire burns you terribly!
You die...

#..# #..#
##.#####..#
..........#
.#.######.###
#........#
#......#.#
.#.########.####
.....@..@......#
.##.#######.##)#
#.......#.#
#.........#
###########


You could see Harold.

Vanquished Creatures
  Pikel (D:6)
  Joseph (D:9)
  A komodo dragon (D:8)
  Grinder (D:4)
  Eustachio (D:4)
  2 hungry ghosts (D:8)
  A hippogriff (D:9)
  Menkaure (D:6)
  An orc warrior (D:8)
  3 sky beasts
  7 ice beasts
  2 black bears (D:6)
  3 phantoms
  5 ogres
  2 centaurs
  Blork the orc (D:6)
  A wyvern skeleton (D:6)
  7 giant frogs
  A wyvern zombie (D:8)
  5 killer bees (D:8)
  3 scorpions
  An electric eel (D:8)
  A giant frog zombie (D:9)
  3 giant frog skeletons
  A jelly (D:8)
  2 orc priests
  13 orc wizards
  4 hounds
  5 iguanas
  A quasit (D:7)
  6 worker ants
  A giant frog simulacrum (D:8)
  A gnoll (D:8)
  10 adders
  A worker ant zombie (D:8)
  2 shadow imps
  A white imp (D:8)
  A worker ant simulacrum (D:8)
  2 ufetubi (D:8)
  An ooze (D:2)
  4 worms
  A giant gecko (D:3)
  16 orcs
  9 bats
  7 goblins
  8 hobgoblins
  4 quokkas
  2 ball pythons (D:2)
  2 giant cockroaches
  A giant gecko zombie (D:6)
  2 giant newts
  6 kobolds
  3 rats (D:2)
  2 toadstools (D:1)
174 creatures vanquished.

Vanquished Creatures (others)
  A phantom (D:6)
  An adder (D:6)
  2 white imps (D:8)
  An orc (D:6)
  A giant newt (D:6)
  2 plants (D:8)
  2 toadstools (D:1)
10 creatures vanquished.

Grand Total: 184 creatures vanquished

Notes
Turn   | Place    | Note
--------------------------------------------------------------
     0 | D:1      | Proton the Human Fighter began the quest for the Orb.
     0 | D:1      | Reached XP level 1. HP: 18/18 MP: 1/1
   308 | D:1      | Reached XP level 2. HP: 24/24 MP: 2/2
   616 | D:2      | Reached skill level 1 in Dodging
   684 | D:2      | Reached XP level 3. HP: 15/29 MP: 3/3
   994 | D:2      | Found a basalt altar of Yredelemnul.
   996 | D:2      | Noticed a profane servitor
  1019 | D:2      | Reached XP level 4. HP: 18/35 MP: 4/4
  1231 | D:2      | Found a glowing golden altar of the Shining One.
  1520 | D:2      | Noticed an angel
  1941 | D:3      | Reached XP level 5. HP: 36/41 MP: 5/5
  2245 | D:4      | Noticed Eustachio
  2279 | D:4      | Noticed Grinder
  2283 | D:4      | Killed Eustachio
  2283 | D:4      | Reached skill level 4 in Armour
  2283 | D:4      | Reached XP level 6. HP: 25/48 MP: 6/6
  2297 | D:4      | Killed Grinder
  2297 | D:4      | Reached XP level 7. HP: 19/54 MP: 7/7
  2717 | D:4      | Found a staircase to the Ecumenical Temple.
  2806 | Temple   | Entered the Ecumenical Temple
  2908 | Temple   | Became a worshipper of Qazlal Stormbringer
  2985 | D:4      | Found a burning altar of Makhleb.
  2990 | D:4      | Found an opulent altar of Gozag.
  2995 | D:4      | Found a white marble altar of Elyvilon.
  2996 | D:4      | Found a bloodstained altar of Trog.
  2999 | D:4      | Found a snail-covered altar of Cheibriados.
  3074 | D:5      | Entered Level 5 of the Dungeon
  3431 | D:5      | HP: 2/55 [poisoned by a worker ant]
  3468 | D:5      | Reached XP level 8. HP: 15/61 MP: 8/8
  3768 | D:5      | Reached skill level 1 in Invocations
  4140 | D:5      | Reached skill level 5 in Armour
  4188 | D:5      | Found a deep blue altar of Sif Muna.
  4190 | D:5      | Found an ancient bone altar of Kikubaaqudgha.
  4190 | D:5      | Found a radiant altar of Vehumet.
  4195 | D:5      | Identified Vehumet's Collected Works on Combat Magic
  4202 | D:5      | Identified Sif Muna's Grimoire of Karma
  4209 | D:5      | Identified Kikubaaqudgha's Almanac of Sinister Secrets
  4827 | D:6      | Reached skill level 5 in Fighting
  4851 | D:6      | Reached skill level 5 in Shields
  4858 | D:6      | Found a shattered altar of Ashenzari.
  4982 | D:6      | HP: 1/62 [orc wizard/magic dart (4)]
  5411 | D:6      | Reached skill level 5 in Long Blades
  5411 | D:6      | Reached XP level 9. HP: 5/68 MP: 11/11
  5869 | D:6      | Noticed Blork the orc
  5878 | D:6      | Killed Blork the orc
  5890 | D:6      | Noticed Pikel
  5929 | D:6      | Killed Pikel
  6005 | D:6      | Noticed Menkaure
  6013 | D:6      | Killed Menkaure
  6013 | D:6      | Reached skill level 6 in Armour
  6483 | D:6      | Reached * piety under Qazlal
  6483 | D:6      | Reached skill level 5 in Dodging
  7090 | D:7      | Reached XP level 10. HP: 52/76 MP: 13/13
  7094 | D:7      | Gained mutation: Your spells are a little easier to cast, but a little less powerful. [mutagenic meat]
  7095 | D:7      | Lost mutation: Your spells are a little easier to cast, but a little less powerful. [mutagenic meat]
  7096 | D:7      | Gained mutation: Your mind is acute. (Int +2) [mutagenic meat]
  7097 | D:7      | Gained mutation: You are frail (-10% HP). [mutagenic meat]
  7098 | D:7      | Gained mutation: Your muscles are strong. (Str +2) [mutagenic meat]
  7099 | D:7      | Gained mutation: Your magical capacity is low (-10% MP). [mutagenic meat]
  7259 | D:7      | Found a shimmering altar of Xom.
  7261 | D:7      | Noticed an angel
  7266 | D:7      | Found a glowing silver altar of Zin.
  7896 | D:8      | Reached skill level 5 in Invocations
  8149 | D:9      | Noticed Joseph
  8180 | D:9      | Killed Joseph
  8688 | D:9      | Reached skill level 7 in Armour
  9817 | D:8      | Reached ** piety under Qazlal
  9987 | D:8      | Found a shadowy altar of Dithmenos.
 10027 | D:8      | Found a staircase to the Lair.
 10060 | D:8      | Reached XP level 11. HP: 39/75 MP: 13/13
 10506 | D:10     | Entered Level 10 of the Dungeon
 10551 | D:10     | Noticed Harold
 10557 | D:10     | Killed from afar by Harold

Vault maps used:
D:1:      ldierk_water_garden
D:2:      grunt_temple_overflow_holy_war
D:3:      patterned_corridor
D:4:      minitemple, temple_hall, first_bread, uniq_eustachio, uniq_grinder,
          uniq_sigmund
D:5:      grunt_temple_overflow_magic_moments, serial_bayou,
          serial_bayou_shore_b, serial_bayou_pond_c, serial_bayou_shore_b,
          serial_bayou_pond_d, kennysheep_potato
D:6:      evilmike_ruin_ashenzari, uniq_blork_the_orc, uniq_menkaure, uniq_pikel
D:7:      grunt_temple_overflow_order_and_chaos_1
D:8:      david_lair_shrubbed, basic_altar, serial_ice, serial_ice_k,
          serial_ice_c, serial_ice_e, serial_ice_f
D:9:      minmay_flawed_box, uniq_joseph
D:10:     david_orc_3, enter_trove_1, uniq_harold, uniq_nergalle, uniq_fannar
Temple:   circular_temple_6

Action                   |  1- 3 |  4- 6 |  7- 9 | 10-12 || total
-------------------------+-------+-------+-------+-------++-------
Melee: Long sword        |   100 |   138 |   488 |   443 ||  1169
Invok: Upheaval          |       |       |       |     3 ||     3
Evoke: Wand              |       |       |     3 |     4 ||     7
  Use: Potion            |       |     1 |     4 |       ||     5
       Scroll            |       |       |    19 |     3 ||    22
  Eat: Meat ration       |       |     1 |     2 |     2 ||     5
       Pizza             |       |       |     1 |     2 ||     3
       Bread ration      |       |       |     1 |     2 ||     3
       Royal jelly       |       |       |     1 |       ||     1
       Chunk             |       |       |       |     6 ||     6
       Fruit             |       |       |       |     2 ||     2
       Beef jerky        |       |       |       |     1 ||     1
